 Dungeon Crawl Stone Soup version 0.24.0-125-gc4c63601f3 (webtiles) character file.

Game seed: 16907492914594850027, levelgen mode: deterministic

1923 Peloso the Carver (level 8, -2/71 HPs)
             Began as a Minotaur Fighter on Mar 2, 2020.
             Slain by an orc knight
             ... wielding a +0 war axe
              (7 damage)
             ... in a bailey.
             The game lasted 00:11:44 (4990 turns).

Peloso the Carver (Minotaur Fighter)                Turns: 4990, Time: 00:11:44

Health: -2/71      AC: 13    Str: 27    XL:     8   Next: 96%
Magic:  7/7        EV:  6    Int:  5    God:
Gold:   209        SH: 11    Dex: 11    Spells: 7/7 levels left

rFire    . . .     SeeInvis .   a - +0 long sword
rCold    + . .     Gourm    .   c - +0 shield
rNeg     . . .     Faith    .   m - +0 plate armour
rPois    +         Spirit   .   (helmet restricted)
rElec    .         Reflect  .   (no cloak)
rCorr    .         Harm     .   (no gloves)
MR       .....                  (no boots)
Stlth    ..........             (no amulet)
HPRegen  0.21/turn              e - ring of protection from cold
MPRegen  0.10/turn              u - ring of poison resistance

@: mighty
A: retaliatory headbutt, horns 2
a: no special abilities


You were in a bailey.
You were not hungry.

You visited 1 branch of the dungeon, and saw 7 of its levels.
You also visited: Bailey.

You collected 209 gold pieces.

Inventory:

Hand Weapons
 a - a +0 long sword (weapon)
Armour
 b - a +0 scale mail
 c - a +0 shield (worn)
 m - a +0 plate armour (worn)
Jewellery
 e - a ring of protection from cold (left hand)
 j - an uncursed ring of resist corrosion
 n - an uncursed amulet of faith
 r - an uncursed ring of protection from magic
 u - a ring of poison resistance (right hand)
Wands
 k - a wand of digging (4)
Scrolls
 g - 4 scrolls of teleportation
 h - 2 scrolls of blinking
 l - 4 scrolls of magic mapping
 p - a scroll of fog {unknown}
 q - a scroll of enchant weapon {unknown}
 t - 4 scrolls of remove curse {unknown}
Potions
 d - a potion of might
 i - a potion of flight
 o - a potion of berserk rage
 s - 2 potions of curing
 w - a potion of haste
Comestibles
 f - 6 rations


   Skills:
 + Level 6.4 Fighting
 + Level 8.8 Long Blades
 + Level 7.3 Armour
 + Level 1.9 Dodging
 + Level 1.1 Stealth
 + Level 7.6 Shields


You had 7 spell levels left.
You didn't know any spells.
Your spell library was empty.

Dungeon Overview and Level Annotations

Branches:
Dungeon (8/15)             Temple (0/1) D:7          Bailey (1/1)
   Lair: D:8-11

Altars:
Elyvilon
Xom
Zin

Annotations:
D:3 3 runed translucent doors, ThatCXCTrollOstroum's ghost, weakling VSAr


Innate Abilities, Weirdness & Mutations

You reflexively headbutt those who attack you in melee.
You have a pair of horns on your head.


Message History

The orc knight is lightly wounded.
The hobgoblin hits you with a +0 hand axe.
You block the orc knight's attack.
Your shield prevents you from hitting the orc knight.
Your headbutt misses the orc knight.
The orc knight is lightly wounded.
The hobgoblin hits you but does no damage.
You hit the orc knight.
The orc knight is lightly wounded.
The orc knight hits you with a +0 war axe.
The hobgoblin hits you but does no damage.
You slash the orc knight!
The orc knight is moderately wounded.
The orc knight hits you with a +0 war axe!!
* * * LOW HITPOINT WARNING * * *
You block the hobgoblin's attack.
You hit the orc knight but do no damage.
The orc knight is moderately wounded.
The orc knight hits you with a +0 war axe!
You die...

♣.........♣♣ ♣....∩.....♣
♣..........♣ ♣....∩..).♣♣
♣..)....)♣♣ ♣.))..)).♣
♣♣##'''##♣ ##.....##
#..@.)..# ##.go)...##
#.....)...# ##.........##
#######.....⌠.....#######
##.....##......).g##.....##
#......)'......).)).......#
##......)##.......##)).....#
#.......).#.......#..)......#


You could see an orc knight, a hobgoblin and a goblin.

Vanquished Creatures
  A hippogriff (D:5)
  Duvessa (D:4)
  A porcupine (D:7)
  2 orc warriors (Bailey)
  2 phantoms
  An ogre (D:5)
  2 centaurs
  Dowan (D:4)
  A water moccasin zombie (D:3)
  2 howler monkeys (D:4)
  A crimson imp (D:5)
  A hound (D:2)
  3 orc priests
  2 centaur skeletons
  An iguana (D:7)
  An orc wizard (D:2)
  4 worker ants
  15 gnolls
  5 adders
  2 shadow imps (D:5)
  2 oozes
  4 worms
  2 dart slugs (D:2)
  4 leopard geckos
  26 orcs
  2 ball pythons
  6 bats
  7 giant cockroaches
  19 hobgoblins
  6 jackals
  5 kobolds
  3 quokkas (D:2)
  3 frilled lizards (D:3)
  A giant cockroach zombie (D:5)
  14 goblins
  9 rats
  A bush (D:2)
163 creatures vanquished.

Notes
Turn   | Place    | Note
-------+----------+-------------------------------------------
     0 | D:1      | Peloso the Minotaur Fighter began the quest for the Orb.
     0 | D:1      | Reached XP level 1. HP: 19/19 MP: 0/0
   335 | D:1      | Reached XP level 2. HP: 26/27 MP: 1/1
   654 | D:2      | Reached XP level 3. HP: 33/33 MP: 2/2
   709 | D:2      | Reached skill level 3 in Long Blades
   720 | D:2      | Reached XP level 4. HP: 33/40 MP: 3/3
   962 | D:2      | Reached skill level 4 in Long Blades
   962 | D:2      | Reached XP level 5. HP: 46/46 MP: 4/4
   971 | D:2      | Noticed an angel
   973 | D:2      | Found a shimmering altar of Xom.
   974 | D:2      | Found a glowing silver altar of Zin.
  1036 | D:2      | Reached skill level 5 in Armour
  1587 | D:3      | Found a runed translucent gate.
  1612 | D:2      | Reached skill level 1 in Stealth
  1659 | D:3      | Reached skill level 5 in Shields
  1662 | D:3      | Reached skill level 1 in Dodging
  1662 | D:3      | Reached XP level 6. HP: 34/53 MP: 5/5
  1664 | D:3      | Noticed ThatCXCTrollOstroum's ghost (weakling VSAr)
  1673 | D:3      | Found a runed translucent gate.
  1674 | D:3      | Found a runed translucent gate.
  2435 | D:4      | Reached skill level 5 in Long Blades
  2487 | D:4      | Noticed Dowan
  2488 | D:4      | Noticed Duvessa
  2613 | D:4      | Killed Duvessa
  2613 | D:4      | Reached skill level 5 in Fighting
  2613 | D:4      | Reached XP level 7. HP: 42/61 MP: 6/6
  2716 | D:4      | Killed Dowan
  3003 | D:4      | Reached skill level 6 in Long Blades
  3032 | D:4      | Found a white marble altar of Elyvilon.
  3270 | D:5      | Entered Level 5 of the Dungeon
  3451 | D:5      | Reached XP level 8. HP: 64/69 MP: 7/7
  3720 | D:5      | Reached skill level 7 in Long Blades
  3747 | D:5      | Noticed a hippogriff
  3765 | D:5      | Killed a hippogriff
  4149 | D:5      | You fall into a shaft and drop 3 floors!
  4253 | D:7      | Reached skill level 8 in Long Blades
  4319 | D:7      | Found a flagged portal.
  4332 | Bailey   | Entered a bailey
  4969 | Bailey   | Noticed an orc knight
  4990 | Bailey   | Slain by an orc knight

Levels and vault maps discovered:
D:1:      lightli_iron_boxes, layout_basic
D:2:      layout_loops_ring, grunt_temple_overflow_order_and_chaos_1,
          minmay_hedge_maze
D:3:      layout_rooms, ebering_ghost_rock_garden, st_stairs_11
D:4:      layout_gridville, marbit_many_paths, uniq_duvessa
D:5:      layout_layer_cave, chequers_temple_overflow_minitemple, first_ration
D:7:      layout_basic, old_standard_altar, minmay_temple_entry_large_hall,
          enter_bailey_2, grunt_livestock, hangedman_abyss_or_decor_lesser_grid
D:8:      layout_rooms, nicolae_overflow_hidden_temple,
          gammafunk_temple_overflow_elements, grunt_lair_entry_orc_guard_hut,
          grunt_ministairs_15
Bailey:   bailey_axe_minmay_hex_keep, bailey

Skill      XL: |  1  2  3  4  5  6  7  8 |
---------------+-------------------------+-----
Armour         | 4 5 6 7 |  7.3
Fighting       | 4 5 6 |  6.4
Shields        | 4 5 6 7 |  7.6
Long Blades    | 3 4 5 6 8 |  8.8
Stealth        | 1 |  1.1
Dodging        | 1 |  1.9

Action                   |  1- 3 |  4- 6 |  7- 9 || total
-------------------------+-------+-------+-------++-------
Melee: Long sword        |    96 |   191 |   288 ||   575
       Headbutt          |    18 |    36 |    56 ||   110
  Use: Potion            |     4 |     2 |     2 ||     8
       Scroll            |       |     3 |     4 ||     7
  Eat: Chunk             |       |     5 |     6 ||    11
       Ration            |       |       |     1 ||     1
Armor: Scale mail        |    15 |       |       ||    15
       Plate armour      |    24 |   122 |   136 ||   282
Dodge: Dodged            |    19 |    53 |    65 ||   137
Block: Shield            |    21 |   131 |   166 ||   318
       Rpst.: Long sword |     6 |    14 |    20 ||    40
